 Dungeon Crawl Stone Soup version 0.32-a0-540-g866d13106e (webtiles) character file.

Game seed: 12663272337708432499

138431 Drazool the Brawler (level 17, -3/188 HPs)
             Began as a Naga Shapeshifter on Feb 27, 2024.
             Was the Champion of Wu Jian.
             Collided with some lava (17 damage)
             ... after being knocked back by a salamander mystic
             ... on level 3 of the Snake Pit on Feb 28, 2024.
             The game lasted 02:33:39 (32344 turns).

Drazool the Brawler (Naga Shapeshifter)            Turns: 32344, Time: 02:33:39

Health: -3/188     AC: 12    Str: 25    XL:     17   Next: 26%
Magic:  21/21      EV: 17    Int: 12    God:    Wu Jian [******]
Gold:   2452       SH:  0    Dex: 22    Spells: 14/22 levels left

rFire   . .          .
                       - Unarmed
rCold   + . .        x - melded +0 buckler
rNeg    . . .        s - melded +2 scale mail {rC+}
rPois   +            h - melded +0 helmet {SInv}
rElec   .            t - melded +1 cloak
rCorr   .            a - melded +1 pair of gloves
SInv    +            (no barding)
Will    ++...        W - amulet of regeneration
Stlth   +++          c - ring of protection from cold
HPRegen 1.31/turn    C - ring of protection from cold
MPRegen 0.17/turn

%: no passive effects
@: about to teleport, snake-form, weakened
A: constrict, boosted hp, AC +5, large, see invisible, (deformed body), (poison
resistance), (slowness 2), spit poison 1, (naga tail 2)
a: Spit Poison, Begin Untransformation, Renounce Religion, Wall Jump, Serpent's
Lash, Heavenly Storm


You were on level 3 of the Snake Pit.
You worshipped Wu Jian.
Wu Jian was exalted by your worship.
You were an enormous serpent.
You visited 4 branches of the dungeon, and saw 25 of its levels.

You collected 3030 gold pieces.
You spent 578 gold pieces at shops.


Innate Abilities, Weirdness & Mutations

You are an enormous serpent.
You have a powerful constriction melee attack.
Your maximum health is increased.
Your armour is entirely melded.
You are incapable of wielding weapons or throwing items.
((Your serpentine skin is tough. (AC +5)))
You have supernaturally acute eyesight. (SInv)
((Armour fits poorly on your strangely shaped body.))
((Your system is resistant to poisons. (rPois)))
((You cover ground very slowly.))
You can spit poison.
((You can use your snake-like lower body to constrict enemies.))


   Skills:
 - Level 11.0 Fighting
 - Level 4.0 Armour
 - Level 9.6 Dodging
 - Level 3.0 Stealth
 + Level 16.9 Unarmed Combat
 - Level 3.0 Spellcasting
 - Level 10.0 Hexes
 - Level 5.0 Translocations
 - Level 6.0 Evocations
 - Level 15.0 Shapeshifting


You had 14 spell levels left.
You knew the following spells:

 Your Spells              Type           Power      Damage    Failure   Level
d - Tukima's Dance        Hex            25%        N/A       1%          3
t - Teleport Other        Tloc           13%        N/A       10%         3
B - Blink                 Tloc           26%        N/A       4%          2

Your spell library contained the following spells:

 Spells                   Type           Power      Damage    Failure   Level
 Jinxbite                 Hex            50%        N/A       1%          2
 Sigil of Binding         Hex            25%        N/A       1%          3
 Lesser Beckoning         Tloc           26%        N/A       4%          2
 Cause Fear               Hex            12%        N/A       4%          4
 Gell's Gravitas          Tloc           13%        N/A       10%         3
 Dimensional Bullseye     Hex/Tloc       9%         N/A       11%         4
 Momentum Strike          Conj/Tloc      14%        3d8       13%         2
 Necrotise                Necr           4%         1d4       24%         1
 Sandblast                Erth           2%         2d4       24%         1
 Summon Small Mammal      Summ           4%         N/A       24%         1
 Anguish                  Hex/Necr       6%         N/A       30%         4
 Passage of Golubria      Tloc           13%        N/A       30%         4
 Cigotuvi's Dreadful Rot  Necr/Alch/Air  2%         N/A       36%         2
 Scorch                   Fire           2%         2d5       36%         2
 Call Canine Familiar     Summ           1%         N/A       58%         3
 Passwall                 Erth           1%         N/A       58%         3
 Stone Arrow              Conj/Erth      2%         3d7       58%         3
 Vampiric Draining        Necr           1%         2d6       58%         3
 Iskenderun's Mystic Bla  Conj/Tloc      7%         2d4       65%         4
 Yara's Violent Unravell  Hex/Alch       6%         3d5       65%         5
 Animate Dead             Necr           1%         N/A       94%         4
 Brom's Barrelling Bould  Conj/Erth      1%         2d3       94%         4
 Dispel Undead            Necr           1%         3d6       94%         4
 Flame Wave               Conj/Fire      1%         2d4       94%         4
 Leda's Liquefaction      Alch/Erth      0%         N/A       94%         4
 Martyr's Knell           Necr/Summ      1%         N/A       94%         4
 Summon Blazeheart Golem  Fire/Summ      1%         N/A       94%         4
 Enfeeble                 Hex            12%        N/A       98%         7
 Borgnjor's Vile Clutch   Necr/Erth      0%         N/A       100%        5
 Fireball                 Conj/Fire      0%         3d3       100%        5
 Iskenderun's Battlesphe  Conj           1%         2d6       100%        5
 Lee's Rapid Deconstruct  Erth           0%         3d4*      100%        5
 Bombard                  Conj/Erth      0%         9d1       100%        6
 Conjure Ball Lightning   Conj/Air       0%         3x3d6     100%        6
 Death Channel            Necr           0%         N/A       100%        6
 Summon Cactus Giant      Summ           0%         N/A       100%        6
 Haunt                    Necr/Summ      0%         N/A       100%        7
 Orb of Destruction       Conj           0%         9d5       100%        7
 Infestation              Necr           0%         N/A       100%        8
 Death's Door             Necr           0%         N/A       100%        9

Inventory:

Missiles
 g - 34 poisoned darts
 j - 17 javelins
 k - 3 throwing nets {=f}
 P - 5 curare-tipped darts {=f}
Armour
 a - a +1 pair of gloves (melded)
 h - a +0 helmet of see invisible (melded)
 s - a +2 scale mail of cold resistance (melded)
 t - a +1 cloak (melded)
 x - a +0 buckler (melded)
Jewellery
 c - a ring of protection from cold (left hand)
 C - a ring of protection from cold (right hand)
 D - a +6 ring of dexterity
 R - a ring of resist corrosion
 W - an amulet of regeneration (around neck)
Talismans
 d - a flux talisman
 K - the serpent talisman of the Endless Expanse (active) {rC- Dex+8}
   (You found it on level 10 of the Dungeon)

   [serpent talisman]

   Dex+8:     It affects your dexterity (+8).
   rC-:       It makes you vulnerable to cold.
 N - a serpent talisman
 T - a beast talisman
Wands
 n - a wand of mindburst (12)
 o - a wand of flame (21)
 q - a wand of polymorph (2)
 B - a wand of warping (9)
 H - a wand of charming (6)
 J - a wand of digging (14)
 S - a wand of quicksilver (5)
Scrolls
 f - 7 scrolls of immolation
 i - a scroll of torment {unknown}
 m - 5 scrolls of enchant weapon
 p - a scroll of fear
 v - 2 scrolls of amnesia
 w - 3 scrolls of revelation
 y - a scroll of vulnerability
 E - a scroll of blinking
 I - 2 scrolls of identify {@r1}
 M - 2 scrolls of brand weapon
 O - a scroll of poison
 Q - a scroll of enchant armour
 Y - 7 scrolls of teleportation {@r2}
Potions
 b - 10 potions of curing {@q1}
 e - 2 potions of might
 l - 2 potions of lignification
 r - 5 potions of attraction
 u - 4 potions of enlightenment
 A - a potion of berserk rage {!q}
 F - 2 potions of brilliance
 L - 4 potions of mutation
 V - a potion of invisibility
 X - a potion of magic
 Z - a potion of ambrosia
Miscellaneous
 G - a lightning rod (4/4)
 U - a box of beasts

Dungeon Overview and Level Annotations

Branches:
Dungeon (15/15)            Temple (0/1) D:6            Lair (5/5) D:11
 Shoals (0/4) Lair:2        Snake (3/4) Lair:2        Slime (0/5) Lair:5
    Orc (2/2) D:12            Elf (0/3) Orc:2        Vaults (0/5) D:14
 Depths (0/4) D:15

Altars:
Ashenzari
Elyvilon
Fedhas
Kikubaaqudgha
Okawaru
Qazlal
Ru
Sif Muna
Trog
Uskayaw
Wu Jian
Beogh

Shops:
D:2 (   D:5 [*[:   D:9 :   D:13 :   Orc:2 (*[(   Snake:3 =!

Portals:
Trove: D:13 (give +4 fire dragon scales)

Annotations:
D:10 Fannar
D:13 1 runed translucent door, Dodiz's ghost, journeyman BaFi
Lair:5 exclusions: oklob plant and 1 more exclusion
Snake:1 2 transporters, Lenkets's ghost, adept MiCK
Snake:2 3 runed translucent doors, jamsaran's ghost, journeyman DgAl ▒▒≈≈≈▒ ▒▒≈≈≈≈§ ▒≈§... ≈≈..§ ▒▒.N§ §NN

▒▒§▒▒ ▒N.§▒
▒▒S▒▒ ▒§.≈▒▒ ▒≈
▒▒)▒§▒▒▒≈▒.▒
▒≈..▒≈▒§▒..≈
▒▒.........▒
▒≈...▒≈▒...≈ ..
▒▒..▒≈§§▒..▒▒
#..
▒≈..§≈≈≈≈..≈▒ ..
#..▒▒▒..▒≈≈§▒..▒
▒.#


You could see a salamander tyrant, a salamander mystic (fast) and 2 salamanders.


Message History

The salamander mystic casts a spell at you.
The lance of force hits you!!
* * * LOW HITPOINT WARNING * * *
You are knocked back by the lance of force.
You collide with the salamander mystic!
The salamander mystic dies!
You hear a sizzling splash. x2
* * * LOW HITPOINT WARNING * * *
The salamander hits you but does no damage.
You feel better. The salamander closely misses you.
The salamander mystic hits you with a +0 dagger.
* * * LOW HITPOINT WARNING * * *
You are engulfed in flames!
* * * LOW HITPOINT WARNING * * *
The salamander tyrant gazes fiercely through you!
You feel your attacks grow feeble. The salamander completely misses you.
The salamander mystic hits you but does no damage.
You spin and attack the salamander mystic repeatedly.
You lash the salamander mystic! You grab the salamander mystic.
The salamander mystic is lightly wounded.
You hit the salamander mystic but do no damage.
The salamander mystic is lightly wounded.
You constrict the salamander mystic.
The salamander mystic gestures at you while chanting.
The lance of force hits you!
* * * LOW HITPOINT WARNING * * *
You are knocked back by the lance of force.
You violently stop moving!
You die...

Skill      XL: |  1  2  3  4  5  6  7  8  9 10 11 12 13 14 15 16 |
---------------+-------------------------------------------------+-----
Unarmed Combat | 4 5 7 10 11 12 14 15 16 | 16.9
Shapeshifting  | 5 7 8 10 11 14 15 | 15.0
Stealth        | 2 3 |  3.0
Fighting       | 3 5 7 8 10 11 | 11.0
Dodging        | 2 3 6 8 9 |  9.6
Evocations     | 3 5 6 |  6.0
Translocations | 3 5 |  5.0
Spellcasting   | 3 |  3.0
Hexes          | 10 | 10.0
Armour         | 4 |  4.0

Action                     |  1- 3 |  4- 6 |  7- 9 | 10-12 | 13-15 | 16-18 || total
---------------------------+-------+-------+-------+-------+-------+-------++-------
  Melee: Unarmed           |    97 |    93 |   212 |   527 |   948 |   385 ||  2262
         Punch             |     1 |     1 |     2 |       |       |       ||     4
         Constrict         |       |       |       |    54 |   201 |   101 ||   356
   Cast: Tukima's Dance    |       |       |       |       |    52 |    43 ||    95
 Invoke: Serpent's Lash    |       |       |       |       |     1 |       ||     1
Ability: Spit Poison       |    16 |    29 |    55 |    50 |    76 |    21 ||   247
         Lunge             |    10 |    11 |    17 |    44 |   135 |    58 ||   275
         Whirlwind         |       |       |    11 |    17 |    19 |     4 ||    51
  Evoke: Wand              |       |       |     5 |    13 |    58 |     3 ||    79
         Lightning rod     |       |       |       |       |     4 |     7 ||    11
         Box of beasts     |       |       |       |       |       |     1 ||     1
    Use: Scroll            |     5 |     2 |     5 |     8 |    13 |     3 ||    36
         Potion            |       |     2 |     2 |     4 |     3 |     2 ||    13
   Stab: Sleeping          |       |       |       |     3 |     5 |    10 ||    18
         Fleeing           |       |       |       |     1 |       |       ||     1
         Invisible         |       |       |       |       |     3 |       ||     3
         Petrifying        |       |       |       |       |     2 |       ||     2
         Distracted        |       |       |       |       |     1 |     2 ||     3
 Armour: Ring mail         |    39 |       |       |       |       |       ||    39
         Animal skin       |     8 |       |       |       |       |       ||     8
         Scale mail        |     9 |    60 |    52 |       |       |       ||   121
         Skin              |       |     4 |    53 |   280 |   541 |   279 ||  1157
  Dodge: Dodged            |    24 |    25 |    68 |   228 |   404 |   141 ||   890
         Repelled          |       |       |     1 |     3 |     7 |    11 ||    22
  Block: Other             |       |       |    25 |    85 |    19 |       ||   129
         Reflection        |       |       |     2 |     7 |       |       ||     9
         Buckler           |       |       |     1 |       |       |       ||     1
         Form:             |       |       |     1 |       |       |     1 ||     2
         Beast             |       |       |     1 |       |       |       ||     1
         Flux              |       |       |     1 |       |       |       ||     1
         Serpent           |       |       |       |     2 |     2 |     1 ||     5

Levels and vault maps discovered:
D:1:      dpeg_arrival_long_road, layout_loops_ring,
          shapermc_ecumenical_altar_gd
D:2:      layout_basic, serial_shops, shop, nrook_campfire, minivault_23,
          kennysheep_generic_room_3
D:3:      layout_basic, nicolae_uskayaw_suspiria, kennysheep_vampire_church,
          uniq_robin
D:4:      layout_basic, mainiacjoe_overflow_chevrons,
          mainiacjoe_overflow_alcove_2, uniq_menkaure
D:5:      layout_cave_pools, mainiacjoe_overflow_six_doors_small, serial_shops,
          nicolae_shop_overgrown_old_shop, nicolae_wooded_promenade,
          uniq_eustachio, uniq_ijyb, uniq_edmund
D:6:      layout_cave_pools, gammafunk_temple_overflow_pools,
          minmay_temple_entry_grid, uniq_blork_the_orc
D:7:      layout_gridville, mainiacjoe_overflow_concentric_impassable,
          uniq_maurice, uniq_maggie
D:8:      layout_basic, minmay_misc_feat_rows, kennysheep_path_1
D:9:      layout_gridville, nicolae_shop_self_help
D:10:     layout_basic, uniq_urug, uniq_fannar, uniq_lodul
D:11:     minmay_blocky_corners, layout_gridville, lair_entry_dummy,
          kennysheep_doodads, uniq_psyche
D:12:     layout_irregular_city, erik_orc_2, uniq_frances
D:13:     layout_rooms, serial_shops, shop, hellmonk_ghost_happy_afterlife,
          nicolae_trove_entry_crystal, uniq_azrael
D:14:     layout_irregular_city, grunt_vaults_entry_tiered,
          nicolae_qazlal_eye_of_the_storm, kennysheep_dice
D:15:     hangedman_depths_entry_civil_slaughter, layout_loops_cross,
          glass_columns_b
Lair:1:   layout_regular_city, serial_bayou_pond_d, grunt_megastairs_4,
          serial_bayou_shore_a, infiniplex_staircase_pool_2
Lair:2:   layout_cave_pods, minmay_shoals_entry_hut,
          guppyfry_snake_entry_island, minmay_stone_trees_large,
          lemuel_fruit_tree, uniq_nergalle, uniq_sonja, uniq_harold
Lair:3:   layout_regular_city, eino_small_chamber_without_monster,
          pdpol_lair_cavern_descent, grunt_megastairs_3
Lair:4:   layout_gridlike, uniq_josephine
Lair:5:   hangedman_lair_in_review, layout_small_grid, wormcave, slime_entry_2,
          lemuel_fruit_fields
Snake:1:  layout_basic, gammafunk_ghost_wrathful_warriors,
          nicolae_snake_gridmaze_entwining, grunt_ministairs_1,
          nicolae_snake_round_shape_thing
Snake:2:  layout_basic, gammafunk_ghost_split
Snake:3:  cheibrodos_snake_lava_hold, layout_chambers, serial_shops, shop, shop,
          shop, minmay_shop_grove
Orc:1:    layout_caves, library_closet, nicolae_orc_sculptors_studio,
          dreamdust_deal_with_the_devil, mines1_david, uniq_erica
Orc:2:    grunt_orc_community_town_hall, layout_caves,
          grunt_orc_community_big_house_1, grunt_orc_community_big_house_2,
          grunt_orc_community_house_1, grunt_orc_community_house_1,
          grunt_orc_community_house_2, grunt_orc_community_house_3,
          grunt_orc_community_house_2, uniq_saint_roka, uniq_erolcha,
          uniq_donald

Notes
Turn   | Place    | Note
-------+----------+-------------------------------------------
     0 | D:1      | Drazool the Naga Shapeshifter began the quest for the Orb.
     0 | D:1      | Reached XP level 1. HP: 18/18 MP: 1/1
   130 | D:1      | Reached XP level 2. HP: 25/25 MP: 2/2
   135 | D:1      | Found a faded altar of an unknown god.
   165 | D:1      | Prayed at the altar of an unknown god.
   165 | D:1      | Became a worshipper of the Wu Jian Council
   165 | D:1      | Reached * piety under Wu Jian
   196 | D:1      | Reached skill level 4 in Unarmed Combat
   218 | D:1      | Reached XP level 3. HP: 31/31 MP: 3/3
  1198 | D:2      | Found Gicogruc's Weapon Shoppe.
  1640 | D:3      | Reached ** piety under Wu Jian
  1719 | D:3      | Reached XP level 4. HP: 34/38 MP: 4/4
  1882 | D:3      | Reached skill level 5 in Unarmed Combat
  1992 | D:3      | Noticed Robin
  2011 | D:3      | Killed Robin
  2073 | D:3      | Found a hide-covered altar of Uskayaw.
  2380 | D:3      | Reached XP level 5. HP: 38/42 MP: 5/5
  2421 | D:3      | Reached *** piety under Wu Jian
  2422 | D:3      | Reached skill level 4 in Shapeshifting
  2454 | D:3      | Found an ancient bone altar of Kikubaaqudgha.
  2558 | D:4      | Found a shimmering blue altar of Sif Muna.
  2787 | D:4      | Noticed Menkaure
  2796 | D:4      | Killed Menkaure
  2797 | D:4      | Reached skill level 5 in Shapeshifting
  2797 | D:4      | Reached skill level 2 in Stealth
  2797 | D:4      | Reached XP level 6. HP: 51/51 MP: 6/6
  2864 | D:4      | You fall into a shaft and drop 1 floor!
  2864 | D:5      | Entered Level 5 of the Dungeon
  2864 | D:5      | Found a broken altar of Ashenzari.
  2932 | D:5      | Found Danea's Assorted Antiques.
  2932 | D:5      | Found Aryx's Antique Armour Emporium.
  2934 | D:5      | Found Tobomm Gema's Book Shoppe.
  2958 | D:5      | Reached skill level 3 in Stealth
  2985 | D:5      | Noticed Eustachio
  2990 | D:5      | Noticed Edmund
  2994 | D:5      | Killed Eustachio
  2995 | D:5      | Reached skill level 3 in Fighting
  2995 | D:5      | Reached XP level 7. HP: 60/62 MP: 7/7
  2998 | D:5      | Killed Edmund
  3107 | D:5      | Noticed Ijyb
  3118 | D:5      | Killed Ijyb
  3119 | D:5      | Reached skill level 6 in Unarmed Combat
  3156 | D:5      | Found Uttaeb's Antique Armour Shoppe.
  3169 | D:5      | Bought a glowing scale mail for 168 gold pieces
  3364 | D:4      | Reached skill level 7 in Unarmed Combat
  3437 | D:4      | Got Ynakkyzoxagh's Elucidation of Necromantic Words
  3572 | D:4      | Found a blossoming altar of Fedhas.
  3675 | D:5      | Identified the +6 war axe of a volcano {holy, Str+2 Stlth+}
  3693 | D:5      | Reached XP level 8. HP: 69/69 MP: 8/8
  3904 | D:6      | Noticed Blork the orc
  3917 | D:5      | Reached skill level 6 in Shapeshifting
  4193 | D:6      | Reached skill level 7 in Shapeshifting
  4229 | D:6      | Identified the amulet of the Greedy {Reflect rCorr SH+5}
  4237 | D:6      | Killed Blork the orc
  4238 | D:6      | Reached skill level 4 in Fighting
  4337 | D:6      | Found a sacrificial altar of Ru.
  4339 | D:6      | Found a white marble altar of Elyvilon.
  4390 | D:6      | Reached skill level 5 in Fighting
  4470 | D:6      | Reached skill level 2 in Dodging
  4520 | D:6      | Reached **** piety under Wu Jian
  4543 | D:6      | Reached XP level 9. HP: 81/81 MP: 9/9
  4557 | D:6      | Reached skill level 3 in Dodging
  4568 | D:6      | Reached skill level 1 in Evocations
  4678 | D:6      | Reached skill level 2 in Evocations
  4816 | D:6      | Found a staircase to the Ecumenical Temple.
  4953 | D:7      | Reached skill level 3 in Evocations
  4953 | D:7      | Reached skill level 1 in Translocations
  4957 | D:7      | Learned a level 3 spell: Teleport Other
  5072 | D:7      | Reached skill level 2 in Translocations
  5124 | D:7      | Reached skill level 3 in Translocations
  5278 | D:7      | Found an iron altar of Okawaru.
  5508 | D:7      | Reached skill level 6 in Fighting
  5760 | D:7      | Reached skill level 7 in Fighting
  5818 | D:7      | Noticed Maurice
  5827 | D:7      | Maurice stole 164 gold
  5832 | D:7      | Killed Maurice
  5996 | D:7      | Noticed Maggie
  6000 | D:7      | Maggie changed into Maggie the scorpion
  6000 | D:7      | Noticed Maggie
  6005 | D:7      | Killed Maggie the scorpion
  6125 | D:8      | Reached skill level 8 in Shapeshifting
  6125 | D:8      | Reached XP level 10. HP: 94/94 MP: 10/10
  6253 | D:8      | Reached skill level 8 in Unarmed Combat
  6478 | D:8      | Noticed a two-headed ogre
  6487 | D:8      | Killed a two-headed ogre
  6488 | D:8      | Reached skill level 9 in Unarmed Combat
  7454 | D:9      | Found Wunemy's Self-Improvement Boutique.
  8060 | D:9      | Reached skill level 10 in Unarmed Combat
  8227 | D:9      | Reached skill level 4 in Evocations
  8671 | D:9      | Reached skill level 5 in Evocations
  8671 | D:9      | Reached skill level 1 in Spellcasting
  8681 | D:9      | Reached skill level 2 in Spellcasting
  8915 | D:9      | Reached skill level 3 in Spellcasting
  9030 | D:10     | Entered Level 10 of the Dungeon
  9035 | D:10     | Noticed Urug
  9046 | D:10     | HP: 2/94 [Urug/+5 scimitar (14)]
  9048 | D:10     | Killed Urug
  9049 | D:10     | Reached XP level 11. HP: 3/103 MP: 15/15
  9355 | D:10     | Identified the serpent talisman of the Endless Expanse {rC-
                  | Dex+8}
  9380 | D:10     | Noticed a two-headed ogre
  9383 | D:10     | Noticed Lodul
  9598 | D:10     | Killed a two-headed ogre
  9599 | D:10     | Reached skill level 8 in Fighting
  9985 | D:10     | Noticed a two-headed ogre
 10001 | D:10     | Killed a two-headed ogre
 10002 | D:10     | Reached skill level 9 in Shapeshifting
 10360 | D:10     | Lodul changed into Lodul the basilisk
 10360 | D:10     | Noticed Lodul
 10368 | D:10     | Killed Lodul the basilisk
 10871 | D:11     | Found a staircase to the Lair.
 10871 | D:11     | Noticed Psyche
 10880 | D:11     | Killed Psyche
 11169 | D:11     | Reached skill level 10 in Shapeshifting
 11208 | D:11     | Reached skill level 4 in Translocations
 11334 | D:10     | Noticed Fannar
 11498 | D:5      | Bought a book of Spatial Translocations for 234 gold pieces
 11501 | D:5      | Learned a level 2 spell: Blink
 11790 | D:11     | Noticed a cyclops
 11815 | D:11     | Killed a cyclops
 11816 | D:11     | Reached skill level 5 in Translocations
 12026 | D:11     | Noticed a skeletal warrior
 12026 | D:11     | Noticed an orc knight
 12092 | Lair:1   | Entered Level 1 of the Lair of Beasts
 12604 | Lair:1   | Reached skill level 11 in Unarmed Combat
 12856 | Lair:1   | Reached XP level 12. HP: 110/110 MP: 16/16
 13044 | Lair:1   | Reached skill level 12 in Unarmed Combat
 13405 | Lair:2   | Reached skill level 4 in Dodging
 13420 | Lair:2   | Noticed Nergalle
 13434 | Lair:2   | Killed Nergalle
 13457 | Lair:2   | Reached skill level 5 in Dodging
 13549 | Lair:2   | Noticed Harold
 13559 | Lair:2   | Killed Harold
 13567 | Lair:2   | Reached skill level 6 in Dodging
 13897 | Lair:2   | Reached ***** piety under Wu Jian
 13911 | Lair:2   | Noticed Sonja
 13961 | Lair:2   | Killed Sonja
 13962 | Lair:2   | Reached skill level 9 in Fighting
 14187 | Lair:2   | Found a staircase to the Snake Pit.
 14684 | Lair:2   | Found a staircase to the Shoals.
 14967 | Lair:2   | Reached skill level 10 in Fighting
 15072 | Lair:3   | HP: 11/139 [komodo dragon (22)]
 15075 | Lair:3   | Gained mutation: You can use your snake-like lower body to
                  | constrict enemies. [Naga growth]
 15075 | Lair:3   | Reached XP level 13. HP: 12/123 MP: 17/17
 15484 | Lair:3   | Reached skill level 13 in Unarmed Combat
 16140 | Lair:3   | Reached skill level 14 in Unarmed Combat
 16747 | Lair:3   | Reached skill level 11 in Shapeshifting
 17455 | Lair:4   | Reached skill level 11 in Fighting
 17620 | Lair:4   | Noticed Josephine
 17660 | Lair:4   | Killed Josephine
 17661 | Lair:4   | Reached skill level 6 in Evocations
 18157 | Lair:5   | Entered Level 5 of the Lair of Beasts
 18285 | Lair:5   | Reached XP level 14. HP: 135/135 MP: 18/18
 18389 | Lair:5   | Reached ****** piety under Wu Jian
 18402 | Lair:5   | Reached skill level 12 in Shapeshifting
 18471 | Lair:5   | Found a staircase to the Slime Pits.
 18637 | Lair:5   | Reached skill level 7 in Dodging
 19064 | Lair:5   | Reached skill level 8 in Dodging
 19099 | Lair:5   | Noticed a dire elephant
 19104 | Lair:5   | Killed a dire elephant
 19151 | Lair:5   | HP: 13/162 [torpor snail (20)]
 19764 | Lair:5   | Reached skill level 13 in Shapeshifting
 20537 | D:11     | Reached skill level 14 in Shapeshifting
 20834 | D:11     | Reached XP level 15. HP: 141/141 MP: 19/19
 21126 | D:12     | Noticed Frances
 21179 | D:12     | Killed Frances
 21294 | D:12     | Identified the +0 ring mail of Wonder {Str+2 Int+2}
 21588 | D:12     | Found a staircase to the Orcish Mines.
 21733 | Orc:1    | Entered Level 1 of the Orcish Mines
 21888 | Orc:1    | Learned a level 3 spell: Tukima's Dance
 21941 | Orc:1    | Noticed Erica
 21965 | Orc:1    | Killed Erica
 21966 | Orc:1    | Reached skill level 1 in Hexes
 22162 | Orc:1    | Found a roughly hewn altar of Beogh.
 22170 | Orc:1    | Reached skill level 2 in Hexes
 22424 | Orc:2    | Entered Level 2 of the Orcish Mines
 22428 | Orc:2    | Found a roughly hewn altar of Beogh.
 22707 | Orc:2    | Reached skill level 3 in Hexes
 22893 | Orc:2    | Found a roughly hewn altar of Beogh.
 22943 | Orc:2    | Identified a +0 crystal plate armour
 22943 | Orc:2    | Noticed Donald
 22950 | Orc:2    | Killed Donald
 22993 | Orc:2    | Found a staircase to the Elven Halls.
 23006 | Orc:2    | Reached skill level 4 in Hexes
 23156 | Orc:2    | Noticed Erolcha
 23171 | Orc:2    | Killed Erolcha
 23209 | Orc:2    | Reached skill level 5 in Hexes
 23256 | Orc:2    | Found a roughly hewn altar of Beogh.
 23335 | Orc:2    | Found a roughly hewn altar of Beogh.
 23360 | Orc:2    | Found Olycrub's Weapon Emporium.
 23482 | Orc:2    | Noticed Saint Roka
 24073 | Orc:2    | Reached skill level 6 in Hexes
 24179 | Orc:2    | Killed Saint Roka
 24235 | Orc:2    | Found Xuqi's Antique Weapon Shop.
 24236 | Orc:2    | Found a roughly hewn altar of Beogh.
 24237 | Orc:2    | Found Wiah's Antique Armour Boutique.
 24410 | Orc:2    | Found a roughly hewn altar of Beogh.
 24427 | Orc:2    | Reached skill level 7 in Hexes
 24444 | Orc:2    | Found Ijoalae's General Store.
 24465 | Orc:2    | Found a roughly hewn altar of Beogh.
 25141 | D:13     | Found a runed translucent door.
 25141 | D:13     | Noticed Dodiz's ghost (journeyman BaFi)
 25183 | D:13     | Reached skill level 8 in Hexes
 25203 | D:13     | Found Xuzir's Book Boutique.
 25333 | D:13     | Found a portal to a secret trove of treasure.
 25604 | D:13     | Noticed Azrael
 25681 | D:13     | Killed Azrael
 25930 | D:14     | Reached skill level 9 in Hexes
 26066 | D:14     | Found a stormy altar of Qazlal.
 26597 | D:14     | Reached skill level 10 in Hexes
 26769 | D:14     | Reached skill level 15 in Unarmed Combat
 26769 | D:14     | Reached XP level 16. HP: 108/150 MP: 20/20
 27002 | D:14     | Found a gate to the Vaults.
 27204 | D:15     | Entered Level 15 of the Dungeon
 27311 | D:15     | Found a staircase to the Depths.
 27619 | D:15     | Reached skill level 16 in Unarmed Combat
 28310 | Snake:1  | Entered Level 1 of the Snake Pit
 28527 | Snake:1  | Found a transporter.
 28557 | Snake:1  | Found a bloodstained altar of Trog.
 28558 | Snake:1  | Noticed Lenkets's ghost (adept MiCK)
 29246 | Snake:1  | Found a transporter.
 29335 | Snake:1  | Reached skill level 15 in Shapeshifting
 29357 | Snake:1  | Reached skill level 1 in Armour
 29609 | Snake:1  | Reached skill level 2 in Armour
 29851 | Snake:2  | Reached skill level 3 in Armour
 30155 | Snake:2  | Found a runed translucent gate.
 30155 | Snake:2  | Noticed jamsaran's ghost (journeyman DgAl)
 30283 | Snake:2  | Reached skill level 4 in Armour
 30296 | Snake:2  | HP: 15/180 [salamander/+1 trident (12)]
 30933 | Snake:2  | Upgraded the game from 0.32-a0-520-g344ed53f66 to
                  | 0.32-a0-540-g866d13106e
 31004 | Snake:2  | Found a runed translucent gate.
 31004 | Snake:2  | Found a runed translucent gate.
 31027 | Snake:2  | Reached skill level 9 in Dodging
 31199 | Snake:2  | Reached XP level 17. HP: 157/157 MP: 21/21
 31544 | Snake:3  | Found Gienaigi's Jewellery Shop.
 31722 | Snake:3  | Found Iheipeph's Distillery.
 31726 | Snake:3  | Bought a potion of might for 64 gold pieces
 31726 | Snake:3  | Bought a potion of curing for 48 gold pieces
 31726 | Snake:3  | Bought a potion of might for 64 gold pieces
 32344 | Snake:3  | HP: 14/188 [salamander mystic/lance of force (17)]
 32344 | Snake:3  | Collided with some lava

Vanquished Creatures
  Saint Roka (Orc:2)
  Frances (D:12)
  2 nagarajas (Snake:3)
  Donald (Orc:2)
  Azrael (D:13)
  An ettin (D:15)
  A fire dragon (Lair:5)
  Josephine (Lair:4)
  Erolcha (Orc:2)
  2 salamander tyrants
  An ogre mage (D:15)
  Harold (Lair:2)
  10 hydras
  2 catoblepae
  A vault guard (D:14)
  4 anacondas
  4 centaur warriors
  6 two-headed ogres
  A death knight (D:14)
  Erica (Orc:1)
  A death yak (Lair:5)
  2 boulder beetles (D:15)
  Urug (D:10)
  3 naga sharpshooters
  2 tengu warriors (D:15)
  2 naga warriors (Snake:2)
  Sonja (Lair:2)
  5 shock serpents
  Nergalle (Lair:2)
  2 skysharks
  3 salamander mystics
  A skeletal warrior (D:11)
  8 mana vipers
  A deep troll (D:15)
  2 arcanists (D:14)
  4 naga ritualists
  A deep elf archer (D:14)
  4 lindwurms (Lair:5)
  A deep elf pyromancer (D:11)
  3 orc knights
  A necromancer (D:14)
  2 orc sorcerers (Orc:1)
  14 salamanders
  3 cyclopes
  6 manticores
  11 ugly things
  Maurice (D:7)
  12 elephants
  5 kobold blastminers
  23 black mambas
  9 naga magi
  3 guardian serpents
  8 torpor snails
  16 cane toads
  A gargoyle (D:11)
  A yaktaur (D:15)
  8 komodo dragons
  An unseen horror (D:11)
  An efreet (D:11)
  5 rime drakes
  Psyche (D:11)
  A komodo dragon (shapeshifter) (D:15)
  A troll (shapeshifter) (D:11)
  8 hornets
  5 trolls
  A polar bear (Lair:3)
  3 tyrant leeches (Lair:5)
  17 blink frogs
  17 dream sheep (Lair:5)
  A snapping turtle (Lair:2)
  7 slime creatures
  A water elemental (Lair:2)
  2 shadows
  2 vampires
  39 yaks
  5 wyverns
  Eustachio (D:5)
  4 fire elementals (D:13)
  A yak (shapeshifter) (D:14)
  10 wraiths
  10 basilisks
  2 wargs (Orc:1)
  16 humans (D:14)
  7 vampire mosquitoes
  A steam dragon (D:8)
  Menkaure (D:4)
  Edmund (D:5)
  An acid dragon (D:8)
  20 nagas
  17 water moccasins
  4 black bears
  4 hell hounds (D:13)
  29 orc warriors
  3 ice beasts
  A boggart (D:11)
  A sky beast (D:7)
  15 centaurs
  11 wolves
  11 ogres
  2 phantoms
  Blork the orc (D:6)
  2 kobold brigands
  2 scorpions
  7 bullfrogs
  A gnoll sergeant (D:9)
  3 jellies
  10 killer bees
  5 electric eels
  5 howler monkeys
  A vampire bat (D:3)
  A bombardier beetle (D:5)
  A hound (D:7)
  17 orc priests
  A sleepcap (D:8)
  2 iguanas (D:5)
  29 orc wizards
  Ijyb (D:5)
  Robin (D:3)
  3 adders
  6 gnolls
  2 shadow imps
  A white imp (D:8)
  4 ufetubi
  A dart slug (D:1)
  86 orcs
  9 ball pythons
  4 bat skeletons (D:3)
  2 bat zombies (D:3)
  10 endoplasms
  A giant cockroach (D:3)
  14 goblins
  16 hobgoblins
  4 jackals (D:3)
  22 kobolds
  5 quokkas
  5 bats
  2 frilled lizards (D:3)
  7 rats
800 creatures vanquished.

Vanquished Creatures (collateral kills)
  A hydra (D:13)
  A human (D:14)
  A basilisk (Lair:5)
  2 orc warriors (Orc:2)
  An ogre (D:15)
  An orc priest (Orc:2)
  3 orcs (Orc:2)
10 creatures vanquished.

Vanquished Creatures (others)
  A dire elephant (Lair:5)
  A salamander mystic (Snake:3)
  17 dancing weapons
  A black mamba (Snake:2)
  A yak (Lair:5)
  An orc warrior (D:12)
  An ogre (Orc:1)
  2 orc wizards (D:12)
  An orc (D:7)
26 creatures vanquished.

Grand Total: 836 creatures vanquished

Table legend: (Time is in decaauts)
 A = Elapsed time spent in this place.
 B = Non-inter-level travel time spent in this place.
 C = Inter-level travel time spent in this place.
 D = Time resting spent in this place.
 E = Time spent auto-exploring this place.
 F = Levels seen in this place.
 G = Mean time per level.
                   A        B        C        D        E       F      G
               +--------+--------+--------+--------+--------+-----+--------+
         Total |  34834 |  32998 |   1836 |   5185 |  20586 |  25 | 1393.4 |
       Dungeon |  19733 |  18515 |   1218 |   2113 |  12767 |  15 | 1315.5 |
          Lair |   8224 |   7889 |    335 |   1657 |   4461 |   5 | 1644.8 |
     Snake Pit |   3849 |   3754 |     95 |    629 |   2286 |   3 | 1283.0 |
  Orcish Mines |   3027 |   2839 |    188 |    784 |   1072 |   2 | 1513.5 |
               +--------+--------+--------+--------+--------+-----+--------+

Top non-repeatable levels by time:
  Lair:2: 2568 daAuts
     D:9: 2244 daAuts
  Lair:5: 1975 daAuts
    D:10: 1971 daAuts
   Orc:2: 1888 daAuts
    D:11: 1703 daAuts
     D:8: 1638 daAuts
  Lair:3: 1564 daAuts
 Snake:2: 1532 daAuts
 Snake:1: 1438 daAuts
     D:7: 1401 daAuts
    D:14: 1335 daAuts
     D:3: 1271 daAuts
     D:6: 1186 daAuts
  Lair:1: 1184 daAuts

Table legend:
 A = Non-vault XP
 B = Vault XP
 C = Vault XP percentage of total XP
 D = Non-vault monster count
 E = Vault monster count
 F = Vault count percentage of total count
                 A         B        C        D         E       F
            +---------+---------+-------+---------+---------+-------
      Total |  128616 |   69143 |  35.0 |     550 |     264 |  32.4
            +---------+---------+-------+---------+---------+-------
        D:1 |      56 |       0 |   0.0 |      32 |       0 |   0.0
        D:2 |       8 |       3 |  27.3 |       6 |       1 |  14.3
        D:3 |      59 |      99 |  62.7 |      28 |      20 |  41.7
        D:4 |     101 |     172 |  63.0 |      17 |       1 |   5.6
        D:5 |     663 |     405 |  37.9 |      18 |       3 |  14.3
        D:6 |     972 |     100 |   9.3 |      19 |       1 |   5.0
        D:7 |    1390 |     581 |  29.5 |      21 |       2 |   8.7
        D:8 |    2146 |       0 |   0.0 |      20 |       0 |   0.0
        D:9 |    2425 |       0 |   0.0 |      20 |       0 |   0.0
       D:10 |    2156 |    1419 |  39.7 |       9 |       6 |  40.0
       D:11 |    3639 |    4528 |  55.4 |      23 |       9 |  28.1
       D:12 |    3427 |    2192 |  39.0 |      19 |      20 |  51.3
       D:13 |    5697 |    2364 |  29.3 |      12 |       9 |  42.9
       D:14 |    7934 |    6783 |  46.1 |      16 |      22 |  57.9
       D:15 |   10822 |    3593 |  24.9 |      23 |       5 |  17.9
     Lair:1 |    3908 |    1706 |  30.4 |      15 |       7 |  31.8
     Lair:2 |    7574 |    3208 |  29.8 |      36 |       7 |  16.3
     Lair:3 |    9693 |    5377 |  35.7 |      28 |      20 |  41.7
     Lair:4 |    3793 |    1887 |  33.2 |       9 |       6 |  40.0
     Lair:5 |   13686 |   15062 |  52.4 |      44 |      38 |  46.3
    Snake:1 |    9958 |    3644 |  26.8 |      23 |       6 |  20.7
    Snake:2 |   23253 |       0 |   0.0 |      46 |       0 |   0.0
    Snake:3 |    9054 |    4680 |  34.1 |      15 |       7 |  31.8
      Orc:1 |    2756 |     864 |  23.9 |      24 |       3 |  11.1
      Orc:2 |    3446 |   10476 |  75.2 |      27 |      71 |  72.4
            +---------+---------+-------+---------+---------+-------
